BLB
WINDY CITY BLUES @ SANTO DOMINGO RUM RUNNERS
04/12/2060
 
TOP OF THE 1ST
Los Angeles Dinos batting - Pitching for Toronto Canadians : RHP Drew Durham
Pitching: RHP Drew Durham
Batting: LHB Tris Chikumbu 0-0: Ball
1-0: Ground out 1-3 (Groundball, 34S, EV 66.2 MPH)
Batting: LHB Sage Emerson 0-0: Called Strike
0-1: Fly out, F7 (Line Drive, 7, EV 104.4 MPH)
Batting: RHB Efren Zamora 0-0: Ball
1-0: Ball
2-0: Called Strike
2-1: SINGLE (Flyball, 34D, EV 89.4 MPH)
Batting: RHB Andy Dillon 0-0: Called Strike
0-1: Ball
1-1: Swinging Strike
1-2: 2-RUN HOME RUN (Flyball, 89XD, EV 111.9 MPH), Distance : 411 ft
Batting: LHB Elmer Nelson 0-0: Ground out U3 (Groundball, 3S, EV 83.1 MPH)
Top of the 1st over - 2 runs, 2 hits, 0 errors, 0 left on base; Los Angeles 2 - Toronto 0
BOTTOM OF THE 1ST
Toronto Canadians batting - Pitching for Los Angeles Dinos : LHP Evan Dean
Pitching: LHP Evan Dean
Batting: RHB Dennis Brantley 0-0: Called Strike
0-1: Called Strike
0-2: SINGLE (Groundball, 4D, EV 94.4 MPH)
Batting: RHB Olin Keele 0-0: Ball
1-0: Called Strike
1-1: Ball
2-1: Foul Ball, location: 2F
2-2: TRIPLE (Flyball, 9LD, EV 104.4 MPH)
Dennis Brantley scores
Batting: LHB Chase Calhoun 0-0: 2-RUN HOME RUN (Flyball, 7D, EV 95.0 MPH), Distance : 345 ft
Batting: LHB Brian Wheat 0-0: Ball
1-0: Ball
2-0: Called Strike
2-1: Foul Ball, location: 2F
2-2: Strikes out looking
Batting: RHB Manuel Zaragoza 0-0: Foul Ball, location: 2F
0-1: SINGLE (Line Drive, 7LM, EV 110.6 MPH)
Batting: LHB Kelvin Kenney 0-0: Ball
Manuel Zaragoza steals 2nd base
1-0: Foul Ball, location: 2F
1-1: Swinging Strike
1-2: Foul Ball, location: 2F
1-2: SINGLE (Line Drive, 6D, EV 96.9 MPH)
Manuel Zaragoza to third
Batting: LHB David Mitchell 0-0: Ball
1-0: Ball
2-0: Called Strike
2-1: Called Strike
2-2: Grounds into double play, 6-4-3 (Groundball, 6, EV 83.8 MPH)
Bottom of the 1st over - 3 runs, 5 hits, 0 errors, 1 left on base; Los Angeles 2 - Toronto 3
TOP OF THE 2ND
Los Angeles Dinos batting - Pitching for Toronto Canadians : RHP Drew Durham
Batting: LHB Shawn Hickey 0-0: Called Strike
0-1: Ball
1-1: Ground out 6-3 (Groundball, 6, EV 80.6 MPH)
Batting: RHB Wyatt Steinauer 0-0: Foul Ball, location: 2F
0-1: Called Strike
0-2: Ball
1-2: Fly out, F7 (Flyball, 7LM, EV 92.5 MPH)
Batting: RHB Mason Dvorak 0-0: Called Strike
0-1: Ball
1-1: Ball
2-1: Called Strike
2-2: Ball
3-2: Ground out 6-3 (Groundball, 4MD, EV 107.5 MPH)
Top of the 2nd over - 0 runs, 0 hits, 0 errors, 0 left on base; Los Angeles 2 - Toronto 3
BOTTOM OF THE 2ND
Toronto Canadians batting - Pitching for Los Angeles Dinos : LHP Evan Dean
Batting: RHB Keon Pryor 0-0: Ball
1-0: DOUBLE (Flyball, 8LXD, EV 108.1 MPH)
Batting: LHB Cory Petit 0-0: Ball
1-0: Called Strike
1-1: Ball
2-1: Hit by Pitch
Batting: RHB Dennis Brantley 0-0: Ball
1-0: Foul Ball, location: 2F
1-1: Foul Ball, location: 2F
1-2: Fielders Choice at 2nd, 3-6 (Groundball, 34, EV 89.4 MPH)
Keon Pryor to third
Batting: RHB Olin Keele 0-0: Called Strike
0-1: Ball
1-1: Fly out, F7 (Flyball, 7, EV 85.0 MPH)
Batting: LHB Chase Calhoun 0-0: Fly out, F8 (Flyball, 8LS, EV 95.6 MPH)
Bottom of the 2nd over - 0 runs, 1 hit, 0 errors, 2 left on base; Los Angeles 2 - Toronto 3
TOP OF THE 3RD
Los Angeles Dinos batting - Pitching for Toronto Canadians : RHP Drew Durham
Batting: RHB Corby Maish 0-0: Ball
1-0: Foul Ball, location: 2F
1-1: Ball
2-1: Foul Ball, location: 2F
2-2: Foul Ball, location: 2F
2-2: Foul Ball, location: 2F
2-2: Foul Ball, location: 2F
2-2: Ground out 6-3 (Groundball, 6, EV 78.1 MPH)
Batting: LHB Tris Chikumbu 0-0: Ball
1-0: Ball
2-0: Called Strike
2-1: Ball
3-1: Foul Ball, location: 2F
3-2: Fly out, F8 (Flyball, 89M, EV 88.8 MPH)
Batting: LHB Sage Emerson 0-0: Foul Ball, location: 2F
0-1: Ball
1-1: Foul Ball, location: 2F
1-2: Foul Ball, location: 2F
1-2: Foul Ball, location: 2F
1-2: Ball
2-2: Foul Ball, location: 2F
2-2: Ball
3-2: Foul Ball, location: 2F
3-2: Base on Balls
Batting: RHB Efren Zamora 0-0: Foul Ball, location: 2F
0-1: Ball
1-1: SINGLE (Line Drive, 8LS, EV 101.2 MPH)
Sage Emerson to second
Batting: RHB Andy Dillon 0-0: Swinging Strike
0-1: Foul Ball, location: 2F
0-2: Fielders Choice at 2nd, 6-4 (Groundball, 6, EV 81.9 MPH)
Top of the 3rd over - 0 runs, 1 hit, 0 errors, 2 left on base; Los Angeles 2 - Toronto 3
BOTTOM OF THE 3RD
Toronto Canadians batting - Pitching for Los Angeles Dinos : LHP Evan Dean
Batting: LHB Brian Wheat 0-0: Ball
1-0: Foul Ball, location: 2F
1-1: Ball
2-1: Ball
3-1: Called Strike
3-2: Foul Ball, location: 2F
3-2: Foul Ball, location: 2F
3-2: Fly out, F7 (Flyball, 78S, EV 92.5 MPH)
Batting: RHB Manuel Zaragoza 0-0: Called Strike
0-1: Called Strike
0-2: Foul Ball, location: 2F
0-2: Ball
1-2: Ball
2-2: Strikes out looking
Batting: LHB Kelvin Kenney 0-0: Swinging Strike
0-1: Swinging Strike
0-2: Ball
1-2: Ball
2-2: Strikes out swinging
Bottom of the 3rd over - 0 runs, 0 hits, 0 errors, 0 left on base; Los Angeles 2 - Toronto 3
TOP OF THE 4TH
Los Angeles Dinos batting - Pitching for Toronto Canadians : RHP Drew Durham
Batting: LHB Elmer Nelson 0-0: Ball
1-0: Swinging Strike
1-1: Ball
2-1: Ball
3-1: Base on Balls
Batting: LHB Shawn Hickey 0-0: Foul Ball, location: 2F
0-1: Called Strike
0-2: Ball
1-2: Foul Ball, location: 2F
1-2: Strikes out swinging
Batting: RHB Wyatt Steinauer 0-0: Ball
1-0: Swinging Strike
1-1: Called Strike
1-2: Ball
2-2: Strikes out looking
Pitching: LHP Luke Chantry
Batting: RHB Mason Dvorak 0-0: Called Strike
0-1: SINGLE (Line Drive, 34, EV 95.0 MPH)
Elmer Nelson to second
Runner from 2nd tries for 3rd, OUT! 9-5
Top of the 4th over - 0 runs, 1 hit, 0 errors, 1 left on base; Los Angeles 2 - Toronto 3
BOTTOM OF THE 4TH
Toronto Canadians batting - Pitching for Los Angeles Dinos : LHP Evan Dean
Batting: LHB David Mitchell 0-0: Ball
1-0: Ball
2-0: Called Strike
2-1: Foul Ball, location: 2F
2-2: DOUBLE (Flyball, 78D, EV 95.0 MPH)
Batting: RHB Keon Pryor 0-0: Called Strike
0-1: Ball
1-1: Called Strike
1-2: Ball
2-2: Ground out 5-3 (Groundball, 56S, EV 73.1 MPH)
David Mitchell to third
Batting: LHB Cory Petit 0-0: Called Strike
0-1: Called Strike
0-2: Ball
1-2: Foul Ball, location: 2F
1-2: Ball
2-2: Foul Ball, location: 2F
2-2: Ball
3-2: Strikes out swinging
Batting: RHB Dennis Brantley 0-0: Ball
1-0: Ball
2-0: Ball
3-0: Called Strike
3-1: SINGLE (Groundball, 6MD, EV 96.2 MPH)
David Mitchell scores
Batting: RHB Olin Keele 0-0: Ball
1-0: Ball
2-0: Ball
3-0: Called Strike
3-1: Fly out, F7 (Line Drive, 7LS, EV 90.6 MPH)
Bottom of the 4th over - 1 run, 2 hits, 0 errors, 1 left on base; Los Angeles 2 - Toronto 4
TOP OF THE 5TH
Los Angeles Dinos batting - Pitching for Toronto Canadians : LHP Luke Chantry
Batting: RHB Corby Maish 0-0: DOUBLE (Flyball, 8LD, EV 105.0 MPH)
Batting: LHB Tris Chikumbu 0-0: Foul Ball, location: 2F
0-1: Ball
1-1: Ground out 4-3 (Groundball, 4, EV 105.0 MPH)
Corby Maish to third
Batting: LHB Sage Emerson 0-0: Swinging Strike
0-1: Swinging Strike
0-2: Ball
1-2: Ball
2-2: Strikes out swinging
Batting: RHB Efren Zamora 0-0: Ball
1-0: Foul Ball, location: 2F
1-1: Ball
2-1: SINGLE (Groundball, 13S, EV 65.0 MPH) (infield hit)
Corby Maish scores
Batting: RHB Andy Dillon 0-0: Ball
1-0: Foul Ball, location: 2F
1-1: Foul Ball, location: 2F
1-2: Ground out 2-3 (Groundball, 2L, EV 75.0 MPH)
Top of the 5th over - 1 run, 2 hits, 0 errors, 1 left on base; Los Angeles 3 - Toronto 4
BOTTOM OF THE 5TH
Toronto Canadians batting - Pitching for Los Angeles Dinos : LHP Evan Dean
Batting: LHB Chase Calhoun 0-0: Ball
1-0: Ball
2-0: Foul Ball, location: 2F
2-1: Swinging Strike
2-2: Foul Ball, location: 2F
2-2: Foul Ball, location: 2F
2-2: Ball
3-2: TRIPLE (Groundball, 3L, EV 105.0 MPH)
Batting: LHB Brian Wheat 0-0: Fly out, F7 (Line Drive, 7S, EV 85.6 MPH)
Runner from 3rd tags up, OUT at HOME! 7-2
Batting: RHB Manuel Zaragoza 0-0: Called Strike
0-1: Ball
1-1: Ball
2-1: Called Strike
2-2: Fly out, F8 (Flyball, 8LM, EV 95.6 MPH)
Bottom of the 5th over - 0 runs, 1 hit, 0 errors, 0 left on base; Los Angeles 3 - Toronto 4
TOP OF THE 6TH
Los Angeles Dinos batting - Pitching for Toronto Canadians : LHP Luke Chantry
Batting: LHB Elmer Nelson 0-0: Ball
1-0: Called Strike
1-1: Ball
2-1: Called Strike
2-2: Ball
3-2: Strikes out swinging
Batting: LHB Shawn Hickey 0-0: Ball
1-0: Foul Ball, location: 2F
1-1: Ball
2-1: Ball
3-1: Called Strike
3-2: Foul Ball, location: 2F
3-2: Strikes out swinging
Batting: RHB Wyatt Steinauer 0-0: Called Strike
0-1: Ball
1-1: Ball
2-1: Ball
3-1: Swinging Strike
3-2: Strikes out swinging
Top of the 6th over - 0 runs, 0 hits, 0 errors, 0 left on base; Los Angeles 3 - Toronto 4
BOTTOM OF THE 6TH
Toronto Canadians batting - Pitching for Los Angeles Dinos : LHP Evan Dean
Pitching: RHP Kyle Eckrote
Batting: LHB Kelvin Kenney 0-0: Ball
1-0: Foul Ball, location: 2F
1-1: Ball
2-1: SINGLE (Groundball, 56D, EV 95.6 MPH)
Batting: LHB David Mitchell 0-0: Bunted foul
0-1: Ball
1-1: Sac Bunt to 2R - play at first, batter OUT! 2-3
Kelvin Kenney to second
Batting: RHB Keon Pryor 0-0: Fly out, F8 (Flyball, 8LM, EV 75.0 MPH)
Pitching: LHP Saxby Lucas
Batting: LHB Cory Petit 0-0: Ball
1-0: Ball
2-0: Ground out 3-1 (Groundball, 34S, EV 80.0 MPH)
Bottom of the 6th over - 0 runs, 1 hit, 0 errors, 1 left on base; Los Angeles 3 - Toronto 4
TOP OF THE 7TH
Los Angeles Dinos batting - Pitching for Toronto Canadians : LHP Luke Chantry
Batting: RHB Mason Dvorak 0-0: Called Strike
0-1: SINGLE (Line Drive, 9LS, EV 103.1 MPH)
Pitching: RHP Derek Morris
Batting: RHB Corby Maish 0-0: Sac Bunt to 23 - play at first, batter safe!
Mason Dvorak to second
Batting: LHB Tris Chikumbu 0-0: Ball
1-0: Ball
2-0: Reached on error, E5 (Groundball, 56D, EV 97.5 MPH)
Mason Dvorak scores
Corby Maish to third
Batting: LHB Sage Emerson 0-0: Intentional Walk
Batting: RHB Efren Zamora 0-0: Ball
1-0: Fly out, F8 (Line Drive, 8RD, EV 104.4 MPH)
Runner from 3rd tags up, SCORES, throw by CF
Batting: RHB Andy Dillon 0-0: Foul Ball, location: 2F
0-1: Ball
1-1: SINGLE (Line Drive, 6D, EV 95.0 MPH)
Tris Chikumbu to third
Sage Emerson to second
Batting: LHB Elmer Nelson 0-0: Ball
1-0: Foul Ball, location: 2F
1-1: Ball
2-1: Swinging Strike
2-2: Strikes out looking
Batting: LHB Shawn Hickey 0-0: Ball
1-0: Called Strike
1-1: SINGLE (Line Drive, 6M, EV 100.6 MPH)
Tris Chikumbu scores
Sage Emerson to third
Andy Dillon to second
Runner from 3rd tries for Home, SAFE, throw by CF to home
Batting: RHB Wyatt Steinauer 0-0: Ball
1-0: Called Strike
1-1: Swinging Strike
1-2: Strikes out swinging
Top of the 7th over - 4 runs, 4 hits, 1 error, 2 left on base; Los Angeles 7 - Toronto 4
BOTTOM OF THE 7TH
Toronto Canadians batting - Pitching for Los Angeles Dinos : LHP Saxby Lucas
Batting: RHB Dennis Brantley 0-0: Ball
1-0: Fly out, F7 (Flyball, 7LD, EV 93.8 MPH)
Batting: RHB Olin Keele 0-0: Foul Ball, location: 2F
0-1: Ground out 5-3 (Groundball, 56, EV 85.6 MPH)
Batting: LHB Chase Calhoun 0-0: SINGLE (Groundball, 6MD, EV 103.8 MPH)
Batting: LHB Brian Wheat 0-0: Ball
Chase Calhoun is caught stealing 2nd base 2-6
Bottom of the 7th over - 0 runs, 1 hit, 0 errors, 0 left on base; Los Angeles 7 - Toronto 4
TOP OF THE 8TH
Los Angeles Dinos batting - Pitching for Toronto Canadians : RHP Derek Morris
Pitching: LHP Jordan Stephens
Batting: RHB Mason Dvorak 0-0: Ball
1-0: Swinging Strike
1-1: Called Strike
1-2: DOUBLE (Flyball, 8LXD, EV 103.1 MPH)
Batting: RHB Corby Maish 0-0: Called Strike
Mason Dvorak steals 3rd base
0-1: Called Strike
0-2: Ball
1-2: Ball
2-2: Fly out, F9 (Line Drive, 89M, EV 88.8 MPH)
Batting: LHB Tris Chikumbu 0-0: Called Strike
0-1: Called Strike
0-2: Ball
1-2: Strikes out looking
Batting: LHB Sage Emerson 0-0: Foul Ball, location: 2F
0-1: Ball
1-1: Ball
2-1: Foul Ball, location: 2F
2-2: Ball
3-2: Strikes out swinging
Top of the 8th over - 0 runs, 1 hit, 0 errors, 1 left on base; Los Angeles 7 - Toronto 4
BOTTOM OF THE 8TH
Toronto Canadians batting - Pitching for Los Angeles Dinos : LHP Saxby Lucas
Pitching: RHP Tod Steffen
Batting: LHB Brian Wheat 0-0: Called Strike
0-1: Ball
1-1: DOUBLE (Flyball, 78D, EV 103.1 MPH)
Batting: RHB Manuel Zaragoza 0-0: Ball
1-0: Ground out 1-3 (Groundball, 15S, EV 71.2 MPH)
Batting: LHB Kelvin Kenney 0-0: Swinging Strike
0-1: Swinging Strike
0-2: Foul Ball, location: 2F
0-2: Ball
1-2: Foul Ball, location: 2F
1-2: Ball
2-2: Ball
3-2: Strikes out swinging
Batting: LHB David Mitchell 0-0: Ball
1-0: Ground out 3-1 (Groundball, 3L, EV 104.4 MPH)
Bottom of the 8th over - 0 runs, 1 hit, 0 errors, 1 left on base; Los Angeles 7 - Toronto 4
TOP OF THE 9TH
Los Angeles Dinos batting - Pitching for Toronto Canadians : LHP Jordan Stephens
Batting: RHB Efren Zamora 0-0: Foul Ball, location: 2F
0-1: Foul Ball, location: 2F
0-2: Foul Ball, location: 2F
0-2: Ground out 4-3 (Groundball, 34, EV 83.1 MPH)
Batting: RHB Andy Dillon 0-0: Called Strike
0-1: Ball
1-1: Swinging Strike
1-2: Hit by Pitch
Batting: LHB Elmer Nelson 0-0: Ball
1-0: Ball
2-0: Foul Ball, location: 2F
2-1: Fly out, F8 (Flyball, 8LM, EV 90.0 MPH)
Batting: LHB Shawn Hickey 0-0: Ball
1-0: Ball
2-0: SINGLE (Groundball, 56S, EV 67.5 MPH) (infield hit)
Andy Dillon to second
Batting: RHB Wyatt Steinauer 0-0: Called Strike
0-1: Called Strike
0-2: Strikes out looking
Top of the 9th over - 0 runs, 1 hit, 0 errors, 2 left on base; Los Angeles 7 - Toronto 4
BOTTOM OF THE 9TH
Toronto Canadians batting - Pitching for Los Angeles Dinos : RHP Tod Steffen
Batting: RHB Keon Pryor 0-0: Ball
1-0: Called Strike
1-1: Ball
2-1: DOUBLE (Groundball, 5L, EV 104.4 MPH)
Batting: LHB Cory Petit 0-0: SINGLE (Line Drive, 7S, EV 95.6 MPH)
Keon Pryor to third
Pinch Hitting: LHB Reese Bowman 0-0: Ball
1-0: Foul Ball, location: 2F
1-1: Ball
2-1: Foul Ball, location: 2F
2-2: Ball
3-2: Strikes out swinging
Batting: RHB Olin Keele 0-0: Ball
1-0: Foul Ball, location: 2F
1-1: Ball
2-1: Ball
3-1: Foul Ball, location: 2F
3-2: Grounds into double play, 4-6-3 (Groundball, 4, EV 106.9 MPH)
Bottom of the 9th over - 0 runs, 2 hits, 0 errors, 1 left on base; Los Angeles 7 - Toronto 4
Saturday, April 27th , 2024 - OOTP Baseball 23.10 Build 110